 Dungeon Crawl Stone Soup version 0.24.1-14-gf8d2b509d9 (webtiles) character file.

Game seed: 1060331251602782526, levelgen mode: deterministic

1295 Twinkles the Magician (level 8, -2/63 HPs)
             Began as a Mummy Ice Elementalist on Nov 28, 2021.
             Slain by a phantom (10 damage)
             ... on level 6 of the Dungeon on Nov 29, 2021.
             The game lasted 00:51:29 (8780 turns).

Twinkles the Magician (Mummy Ice Elementalist)      Turns: 8780, Time: 00:51:30

Health: -2/63      AC:  6    Str: 12    XL:     8   Next: 30%
Magic:  18/18      EV: 12    Int: 16    God:
Gold:   292        SH:  0    Dex: 12    Spells: 15/21 levels left

rFire    x . .     SeeInvis .   g - -3 mace
rCold    + + .     Gourm    .   (no shield)
rNeg     + + +     Faith    .   a - +0 robe
rPois    ∞         Spirit   .   (no helmet)
rElec    .         Reflect  .   o - +0 cloak
rCorr    .         Harm     .   u - +1 pair of gloves
MR       +....                  h - +0 pair of boots
Stlth    ++........             (no amulet)
HPRegen  0.20/turn              (no ring)
MPRegen  0.16/turn              l - ring of protection from cold

@: no status effects
A: no food or potions, fire vulnerability, cold resistance 1, negative energy
resistance 3, torment resistance, unbreathing
a: no special abilities


You were on level 6 of the Dungeon.
You were not hungry.

You visited 1 branch of the dungeon, and saw 7 of its levels.

You collected 292 gold pieces.

Inventory:

Hand Weapons
 b - a +0 dagger
 g - a -3 mace (weapon)
 i - a +0 rapier
 p - a +2 antimagic hand axe
Missiles
 c - 125 stones (quivered)
 e - 21 sling bullets
 t - 20 poisoned darts
Armour
 a - a +0 robe (worn)
 h - a +0 pair of boots (worn)
 o - a +0 cloak (worn)
 s - a +0 leather armour
 u - a +1 pair of gloves (worn)
Magical Staves
 q - an uncursed staff of poison {unknown}
Jewellery
 d - an uncursed ring of poison resistance
 l - a ring of protection from cold (right hand)
Wands
 j - a wand of polymorph (5)
 r - a wand of random effects (14)
Scrolls
 f - 4 scrolls of remove curse
 k - 2 scrolls of enchant weapon
 m - a scroll of amnesia {unknown}
 n - a scroll of enchant armour {unknown}
 Y - 3 scrolls of teleportation
 Z - 3 scrolls of identify


   Skills:
 + Level 5.5 Fighting
 - Level 1.5 Dodging
 - Level 1.5 Stealth
 + Level 7.2 Spellcasting
   Level 0.7 Conjurations
 - Level 2.7 Charms
 + Level 1.3 Transmutations
 - Level 4.4 Ice Magic


You had 15 spell levels left.
You knew the following spells:

 Your Spells              Type           Power        Failure   Level  Hunger
a - Freeze                Ice            ###.         1%          1    N/A
b - Ozocubu's Armour      Chrm/Ice       ###.....     9%          3    N/A
c - Sticks to Snakes      Tmut           ##......     11%         2    N/A

Your spell library contained the following spells:

 Spells                   Type           Power        Failure   Level  Hunger
 Throw Frost              Conj/Ice       ##....       6%          2    N/A
 Ensorcelled Hibernation  Hex/Ice        ##....       8%          2    N/A
 Confusing Touch          Hex            #.....       12%         1    N/A
 Corona                   Hex            #......      12%         1    N/A
 Dazzling Spray           Conj/Hex       #.....       32%         3    N/A
 Confuse                  Hex            #.......     36%         3    N/A
 Gell's Gravitas          Tloc           #.........   36%         3    N/A
 Tukima's Dance           Hex            #.......     36%         3    N/A
 Throw Icicle             Conj/Ice       ##......     38%         4    N/A
 Summon Ice Beast         Ice/Summ       ##......     43%         4    N/A
 Petrify                  Tmut/Erth      #.......     67%         4    N/A
 Metabolic Englaciation   Hex/Ice        ##........   80%         5    N/A
 Yara's Violent Unravell  Hex/Tmut       #.........   95%         5    N/A
 Beastly Appendage        Tmut           Unusable     N/A         1    N/A
 Spider Form              Tmut/Pois      Unusable     N/A         3    N/A
 Ice Form                 Ice/Tmut       Unusable     N/A         4    N/A
 Blade Hands              Tmut           Unusable     N/A         5    N/A

Dungeon Overview and Level Annotations

Branches:
Dungeon (7/15)
 Temple: D:4-7

Altars:
Ashenzari
Elyvilon
Nemelex Xobeh
Zin
The Shining One

Shops:
D:5 %   D:6 *

Annotations:
D:3 1 runed translucent door, Crazy Yiuf
D:4 exclusion: ogre
D:5 exclusion: downstairs
D:6 exclusion: hippogriff


Innate Abilities, Weirdness & Mutations

You do not eat or drink.
Your flesh is vulnerable to fire.
You are immune to poison.
Your flesh is cold resistant. (rC+)
You are immune to negative energy. (rN+++)
You are immune to unholy pain and torment.
You can survive without breathing.


Message History

You see here a ring mail.
You see here a +0 hand axe.
Things that are here:
a +0 ring mail; a +0 dagger You see here a ring mail.
As you read the scroll of teleportation, it crumbles to dust.
You feel strangely unstable.
The two-headed ogre hits you with a +0 dire flail!
* * * LOW HITPOINT WARNING * * *
The two-headed ogre misses you.
Your surroundings suddenly seem different.
A phantom comes into view.
You start resting.
The phantom is too close now for your liking.
You sock the phantom!
The phantom is moderately damaged.
The phantom hits you.
* * * LOW HITPOINT WARNING * * *
The phantom hits you!
You die...

######.......####.##
#..............##.##
#.####.#####..∩O....
#######.##...# ##......##
########.......O..#.# #........#
#..............##...# #.........
#.####.#..########..# #........#
#.###.....########..####....%..##
................@....##......###
..###[....####...W..........#####
..# ####..# #####...##.....# #<.
.O.....#..# #...###....# #[#
.......#..########.>.####.#[# #)#
.......#..................#.# #.#
..(....#...............####.###.#
..^............###.....###...##.#
........######.# #.........#.....


You could see a phantom.

Vanquished Creatures
  An orc warrior (D:6)
  A sky beast (D:6)
  A black bear (D:7)
  An ice beast (D:6)
  A centaur (D:5)
  A bullfrog (D:6)
  2 scorpions (D:7)
  3 crimson imps
  A centaur zombie (D:7)
  A centaur skeleton (D:4)
  An orc priest (D:6)
  An orc wizard (D:4)
  Ijyb (D:3)
  Terence (D:2)
  An iguana (D:4)
  Natasha (twice) (D:3)
  2 worker ants
  A hound zombie (D:5)
  7 gnolls
  8 adders
  A shadow imp (D:3)
  2 oozes
  An adder skeleton (D:6)
  3 worms
  2 dart slugs (D:1)
  4 leopard geckos
  9 orcs
  4 giant cockroaches
  5 goblins
  6 hobgoblins
  10 jackals
  9 kobolds
  3 quokkas
  3 ball pythons
  3 bats
  5 frilled lizards
  A quokka skeleton (D:4)
  3 rats
112 creatures vanquished.

Notes
Turn   | Place    | Note
-------+----------+-------------------------------------------
     0 | D:1      | Twinkles the Mummy Ice Elementalist began the quest for the
                  | Orb.
     0 | D:1      | Reached XP level 1. HP: 13/13 MP: 4/4
   163 | D:1      | Reached XP level 2. HP: 20/20 MP: 0/5
   317 | D:1      | Reached skill level 3 in Spellcasting
   488 | D:1      | Reached skill level 1 in Fighting
  1103 | D:1      | Reached XP level 3. HP: 26/26 MP: 5/7
  1808 | D:2      | Noticed Terence
  1836 | D:2      | Killed Terence
  1836 | D:2      | Reached XP level 4. HP: 25/33 MP: 0/9
  1907 | D:2      | Learned a level 3 spell: Ozocubu's Armour
  2280 | D:2      | Found a white marble altar of Elyvilon.
  2819 | D:3      | Found a runed translucent door.
  2820 | D:3      | Noticed Crazy Yiuf
  3083 | D:3      | Reached skill level 4 in Spellcasting
  3199 | D:3      | Reached XP level 5. HP: 25/39 MP: 11/11
  3410 | D:3      | HP: 8/39 [orc priest/divine providence (14)]
  4007 | D:3      | Noticed Ijyb
  4032 | D:3      | Killed Ijyb
  4032 | D:3      | Reached skill level 1 in Charms
  4441 | D:4      | Noticed an ogre
  4472 | D:4      | Noticed Natasha
  4492 | D:3      | Killed Natasha
  4492 | D:3      | Reached XP level 6. HP: 22/47 MP: 7/12
  5067 | D:3      | Noticed Natasha
  5083 | D:3      | Killed Natasha
  5520 | D:5      | Entered Level 5 of the Dungeon
  5950 | D:5      | Found a sparkling altar of Nemelex Xobeh.
  6111 | D:5      | Reached skill level 5 in Spellcasting
  6201 | D:5      | Reached XP level 7. HP: 35/53 MP: 8/14
  6569 | D:5      | Found Xoarromn's Food Emporium.
  7045 | D:6      | Found Feab's General Store.
  7165 | D:6      | Reached skill level 6 in Spellcasting
  7420 | D:6      | Noticed a hippogriff
  7669 | D:6      | Reached skill level 5 in Fighting
  7669 | D:6      | Reached XP level 8. HP: 53/62 MP: 11/17
  7951 | D:6      | Learned a level 2 spell: Sticks to Snakes
  7963 | D:6      | Noticed a two-headed ogre
  8050 | D:7      | Found a glowing golden altar of the Shining One.
  8194 | D:7      | Reached skill level 7 in Spellcasting
  8201 | D:7      | Reached skill level 1 in Transmutations
  8417 | D:7      | Found a glowing silver altar of Zin.
  8461 | D:7      | Found a shattered altar of Ashenzari.
  8721 | D:6      | HP: 8/63 [two-headed ogre/+0 dire flail (23)]
  8757 | D:6      | HP: 8/63 [two-headed ogre/+0 dire flail (7)]
  8774 | D:6      | HP: 6/63 [phantom (5)]
  8780 | D:6      | Slain by a phantom

Levels and vault maps discovered:
D:1:      matt_arrival_debris, layout_loops_ring, feat_on_display
D:2:      layout_basic, nicolae_overflow_crystal_walls, uniq_terence
D:3:      layout_basic, uniq_crazy_yiuf_cottage, uniq_ijyb
D:4:      layout_cave_pools, first_ration, uniq_natasha
D:5:      layout_loops_cross, nemelex_xobeh_ov_fountains_minmay, serial_shops,
          shop, nrook_mini_vaults
D:6:      layout_loops_ring, serial_shops, shop
D:7:      layout_basic, kennysheep_little_box, minmay_temple_entry_glassed_door,
          basic_altar, grunt_ogre_cave, cheibrodos_ashenzari_chains

Skill      XL: |  1  2  3  4  5  6  7  8 |
---------------+-------------------------+-----
Spellcasting   | 3 4 5 6 7 |  7.2
Fighting       | 1 2 3 5 |  5.5
Ice Magic      | 3 4 |  4.4
Charms         | 1 2 |  2.7
Transmutations | 1 |  1.3
Dodging        | |  1.5
Stealth        | |  1.5
Conjurations   | |  0.7

Action                   |  1- 3 |  4- 6 |  7- 9 || total
-------------------------+-------+-------+-------++-------
Melee: Unarmed           |     6 |       |       ||     6
       Dagger            |     2 |    22 |       ||    24
       Mace              |       |    28 |    74 ||   102
Throw: Stone             |    11 |    34 |    16 ||    61
 Cast: Freeze            |    63 |   114 |    87 ||   264
       Ozocubu's Armour  |       |     3 |     6 ||     9
  Use: Scroll            |       |     3 |     2 ||     5
 Stab: Sleeping          |     1 |     2 |     1 ||     4
Armor: Robe              |    10 |    20 |    68 ||    98
Dodge: Dodged            |    27 |    97 |    93 ||   217
